 Dungeon Crawl Stone Soup version 0.21-a0-241-g2cbab09 (webtiles) character file.

16 tidbits the Skirmisher (level 2, 0/25 HPs)
             Began as a Demigod Wanderer on Sept 3, 2017.
             Slain by an adder (2 damage)
             ... on level 2 of the Dungeon.
             The game lasted 00:02:05 (276 turns).

tidbits the Skirmisher (Demigod Wanderer)            Turns: 276, Time: 00:02:06

Health: 0/25       AC:  5    Str: 18    XL:     2   Next: 27%
Magic:  7/7        EV: 10    Int: 15    God:
Gold:   12         SH:  0    Dex: 13    Spells: 4/4 levels left

rFire    . . .     SeeInvis .   a - +0 falchion
rCold    . . .     Gourm    .   (no shield)
rNeg     . . .     Faith    .   B - +0 ring mail
rPois    .         Spirit   .   (no helmet)
rElec    .         Reflect  .   (no cloak)
rCorr    .         Harm     .   (no gloves)
MR       .....                  (no boots)
Stlth    +.........             (no amulet)
HPRegen  0.08/turn              (no ring)
MPRegen  0.10/turn              (no ring)

@: no status effects
A: high mp 1
a: no special abilities


You were on level 2 of the Dungeon.
You were not hungry.

You visited 1 branch of the dungeon, and saw 2 of its levels.

You collected 12 gold pieces.

Inventory:

Hand Weapons
 a - a +0 falchion (weapon)
 b - a +0 dagger
Missiles
 k - 23 arrows
Armour
 d - a +0 robe
 B - a +0 ring mail (worn)
Scrolls
 h - a scroll of identify {unknown}
Potions
 g - a potion of flight {unknown}
 j - a potion of heal wounds {unknown}
Miscellaneous
 e - a phial of floods
Comestibles
 f - 2 bread rations
 i - 3 chunks of flesh


   Skills:
 + Level 2.5 Fighting
 - Level 2.0 Stealth
 - Level 1.8 Spellcasting
   Level 1.7 Charms
   Level 1.0 Transmutations
 - Level 1.0 Evocations


You had 4 spell levels left.
You didn't know any spells.

Dungeon Overview and Level Annotations

Branches:
Dungeon (2/15)


Innate Abilities, Weirdness & Mutations

You have an increased reservoir of magic. (+10% MP)


Message History

You closely miss the ball python. The ball python misses you.
You riposte.
You barely miss the ball python. The ball python grabs you.
The ball python constricts you.
You hit the ball python.
You kill the ball python!
Found 16 sling bullets.
Found 23 arrows and a bread ration.
Found a bubbling coppery potion.
You now have 12 gold pieces.
Found a stone staircase leading down.
f - 2 bread rations (gained 1)
A bat comes into view.
Found a stone staircase leading up.
The bat hits you but does no damage.
You miss the bat. The bat hits you.
* * * LOW HITPOINT WARNING * * *
The bat hits you.
* * * LOW HITPOINT WARNING * * *
You hit the bat.
You kill the bat!
You see here a bat corpse.
A rat comes into view.
You hit the rat.
You kill the rat!
There is a stone staircase leading up here.
You climb upwards.
The hobgoblin shouts!
A frilled lizard, a bat, a hobgoblin and a dart slug come into view.
The hobgoblin shouts!
The frilled lizard hisses angrily.
The bat hits you but does no damage. The dart slug launches a dart at you.
The slug dart hits you!
* * * LOW HITPOINT WARNING * * *
Found a bubbling coppery potion and a royal jelly.
There is a stone staircase leading down here.
The bat hits you but does no damage.
The hobgoblin hits you but does no damage.
The bat barely misses you.
You climb downwards.
There is a stone staircase leading up here.
The hobgoblin hits you but does no damage.
You closely miss the hobgoblin. The hobgoblin barely misses you.
You closely miss the hobgoblin. The hobgoblin barely misses you.
The hobgoblin hits you with a club.
* * * LOW HITPOINT WARNING * * *
You hit the hobgoblin.
You kill the hobgoblin!
Things that are here:
a club; a hobgoblin corpse
j - a bubbling coppery potion You see here 23 arrows.
k - 23 arrows
Found a stone staircase leading down.
An adder comes into view.
Found 9 bolts.
The adder hisses angrily.
You turn into a tree.
Your +0 ring mail melds into your body.
Your roots penetrate the ground.
You barely miss the adder. The adder bites you but does no damage.
The adder bites you.
* * * LOW HITPOINT WARNING * * *
You closely miss the adder. The adder barely misses you.
You riposte.
You closely miss the adder. The adder bites you but does no damage.
You completely miss the adder.
The adder bites you but does no damage. x2
You barely miss the adder. The adder barely misses you.
You closely miss the adder.
The adder bites you but does no damage. x2
You closely miss the adder. The adder barely misses you.
The adder bites you but does no damage.
You barely miss the adder. The adder bites you but does no damage.
You closely miss the adder.
The adder bites you but does no damage. x2
You hit the adder but do no damage.
The adder bites you but does no damage. x2
You closely miss the adder. The adder bites you but does no damage.
You closely miss the adder. The adder barely misses you.
The adder bites you but does no damage.
You closely miss the adder.
The adder bites you but does no damage. x2
You hit the adder but do no damage. The adder bites you but does no damage.
You completely miss the adder.
The adder bites you but does no damage. x2
You barely miss the adder.
The adder bites you but does no damage. x2
You barely miss the adder. The adder bites you but does no damage.
You hit the adder but do no damage.
Your transformation is almost over.
The adder bites you but does no damage. x2
You barely miss the adder.
The adder bites you but does no damage. x2
You miss the adder. The adder bites you but does no damage.
You miss the adder. The adder barely misses you.
The adder bites you but does no damage.
You barely miss the adder. The adder bites you but does no damage.
The adder bites you.
* * * LOW HITPOINT WARNING * * *
You miss the adder. The adder bites you.
* * * LOW HITPOINT WARNING * * *
The adder bites you but does no damage.
You hit the adder.
The adder is moderately wounded.
The adder bites you but does no damage.
You closely miss the adder.
The adder is moderately wounded.
You feel less wooden.
Your +0 ring mail unmelds from your body.
The adder bites you but does no damage. The adder bites you.
You die...

.....# ...# #.........
..>....## #...#.........
........# #...........
........# ####........
........#######.........
...................###..
........####..###.......
........................
.......@##....######....
......S.##.#### #....
........#..# ##...
........#..# #...
........#### #...
.......## #... .....(#
#### ######


You could see an adder.

Vanquished Creatures
  2 ball pythons (D:2)
  2 bats
  A giant cockroach (D:1)
  A goblin (D:1)
  2 hobgoblins (D:2)
  2 kobolds (D:2)
  A quokka (D:2)
  A frilled lizard (D:2)
  3 rats (D:2)
15 creatures vanquished.

Notes
Turn   | Place    | Note
-------+----------+-------------------------------------------
     0 | D:1      | tidbits the Demigod Wanderer began the quest for the Orb.
     0 | D:1      | tidbits set off with: a phial of floods, a +0 falchion, a potion of lignification, a +0 robe, a +0 dagger, a bread ration
     0 | D:1      | Reached XP level 1. HP: 17/17 MP: 5/5
    37 | D:1      | Reached skill level 2 in Stealth
    50 | D:2      | Reached skill level 2 in Fighting
    82 | D:2      | Reached XP level 2. HP: 8/25 MP: 7/7
    83 | D:2      | HP: 1/25 [quokka (4)]
   191 | D:2      | HP: 1/25 [hobgoblin/club (3)]
   276 | D:2      | Slain by an adder

Vault maps used:
D:1:      erik_arrival_triangle_small, minmay_ruptured

Skill      XL: |  1 |
---------------+----+-----
Stealth        | 2 |  2.0
Fighting       | 2 |  2.5
Spellcasting   | |  1.8
Charms         | |  1.7
Transmutations | |  1.0
Evocations     | |  1.0

Action                   || total
-------------------------++-------
Melee: Falchion          ||    57
  Use: Potion            ||     1
 Stab: Sleeping          ||     1
Armor: Robe              ||    10
       Skin              ||    31
       Ring mail         ||     6
Dodge: Dodged            ||    29
       Rpst.: Falchion   ||     6

Table legend:
 A = Spawn XP
 B = Non-spawn XP
 C = Spawn XP percentage of total XP
 D = Spawn monster count
 E = Non-spawn monster count
 F = Spawn count percentage of total count
 G = Total turns spent on level
                    A         B        C        D         E        F      G
               +---------+---------+-------+---------+---------+-------+---------
         Total |       0 |      24 |   0.0 |       0 |      15 |   0.0 |   276
               +---------+---------+-------+---------+---------+-------+---------
           D:1 |       0 |       6 |   0.0 |       0 |       3 |   0.0 |    49
           D:2 |       0 |      18 |   0.0 |       0 |      12 |   0.0 |   227
               +---------+---------+-------+---------+---------+-------+---------

Table legend:
 A = Turns spent in this place as a percentage of turns spent in the entire game.
 B = Non-inter-level travel turns spent in this place as a percentage of non-inter-level travel turns spent in the entire game.
 C = Inter-level travel turns spent in this place as a percentage of turns spent in this place.
 D = Turns resting spent in this place as a percentage of non-inter-level travel turns spent in this place.
 E = Turns spent auto-exploring this place as a percentage of non-inter-level travel turns spent in this place.
 F = Non-inter-level travel turns spent in this place divided by the number of levels of this place that you've seen.
                   A       B       C       D       E      F
               +-------+-------+-------+-------+-------+----------------------
         Total | 100.0 | 100.0 |   0.0 |   0.0 |   3.6 | 138.0
       Dungeon | 100.0 | 100.0 |   0.0 |   0.0 |   3.6 | 138.0
               +-------+-------+-------+-------+-------+----------------------

Table legend:
 A = Kills in this place as a percentage of kills in entire the game.
 B = Kills by you in this place as a percentage of kills by you in the entire game.
 C = Kills by friends in this place as a percentage of kills by friends in the entire game.
 D = Other kills in this place as a percentage of other kills in the entire game.
 E = Experience gained in this place as a percentage of experience gained in the entire game.
 F = Experience gained in this place divided by the number of levels of this place that you have seen.
                   A       B       C       D       E      F
               +-------+-------+-------+-------+-------+----------------------
         Total | 100.0 | 100.0 |   N/A |   N/A | 100.0 |  12.0
       Dungeon | 100.0 | 100.0 |   N/A |   N/A | 100.0 |  12.0
               +-------+-------+-------+-------+-------+----------------------

Vault maps used:
D:1:      erik_arrival_triangle_small, minmay_ruptured
